Map: Tours du crépuscule

Players

DeBayonne

  • Race: Zerg Zerg
  • League: Grandmaster

Minho - Winner!

  • Race: Terran Terran
  • League: Diamond

VOD

Have the link to the VOD?

Description

Time

  • Played on: Dec. 4, 2015, 3:36 p.m.
  • Length: 9:03
Show
View Real Time Build Order
Export as new Build Order

DeBayonne Zerg 

Build Orders: Hatch First 

Get SALT Encoding   

  12  0:01  Drone  
  13  0:08  Drone  
  14  0:17  Overlord  
  14  0:28  Drone, Extractor  
  13  0:29  Extractor  
  13  0:30  Drone  
  17  0:42  Drone  
  17  0:48  Drone  
  18  1:02  Hatchery  
  17  1:04  Drone  
  18  1:20  Spawning Pool  
  18  1:23  Drone  
  18  1:42  Hatchery  
  18  1:45  Drone  
  18  1:47  Drone  
  18  1:52  Overlord  
  19  2:07  Queen  
  19  2:08  Zergling x2  
  22  2:14  Queen  
  24  2:18  Drone  
  24  2:21  Drone  
  26  2:24  Drone  
  27  2:30  Drone x2  
  28  2:43  Queen  
  29  2:48  Drone x2  
  31  2:55  Overlord  
  31  3:02  Drone x4  
  31  3:05  Queen  
  37  3:09  Drone  
  38  3:14  Drone x2  
  41  3:20  Drone x3  
  41  3:23  Drone  
  44  3:28  Drone x4  
  44  3:29  Drone  
  49  3:34  Overlord  
  47  3:46  Drone x3  
  50  3:49  Extractor  
  50  3:50  Roach Warren  
  50  3:53  Drone x3  
  51  3:57  Extractor  
  51  3:58  Extractor  
  49  4:03  Drone x5, Extractor  
  49  4:05  Evolution Chamber  
  49  4:09  Overlord  
  52  4:14  Drone, Extractor, Spore Crawler  
  52  4:15  Drone  
  52  4:19  Spore Crawler  
  52  4:22  Drone x5  
  56  4:30  Roach x2  
  60  4:34  Drone x3  
  60  4:38  Overlord  
  63  4:42  Overlord x2, Spore Crawler  
  62  4:46  Drone x3  
  62  4:48  Lair  
  65  4:58  Burrow  
  65  4:59  Zerg Missile Weapons Level 1  
  65  5:02  Drone x5  
  65  5:03  Drone  
  71  5:13  Ravager x2  
  72  5:14  Drone x8  
  80  5:27  Overlord x2  
  80  5:32  Drone x2, Extractor  
  80  5:33  Drone  
  82  5:41  Overlord x3  
  82  5:50  Glial Reconstitution  
  82  5:52  Drone x2  
  82  5:54  Hatchery  
  82  5:56  Drone x2  
  85  5:59  Roach x5  
  85  6:00  Roach  
  97  6:05  Overlord x2  
  97  6:11  Drone x2  
  99  6:12  Evolution Chamber  
  99  6:16  Infestation Pit  
  99  6:17  Spore Crawler  
  96  6:19  Roach x3  
  100  6:35  Drone x3  
  100  6:37  Drone x6  
  109  6:43  Hatchery  
  109  6:44  Queen  
  110  6:48  Roach x5  
  110  6:50  Pneumatized Carapace  
  120  6:54  Roach  
  120  6:55  Roach x2  
  120  6:56  Overseer  
  120  7:00  Pathogen Glands  
  126  7:07  Roach  
  126  7:08  Roach x3  
  131  7:23  Ravager x2  
  131  7:24  Ravager x5  
  131  7:28  Queen  
  140  7:31  Drone x12  
  140  7:33  Extractor  
  140  7:34  Queen, Extractor  
  140  7:36  Overlord x2  
  152  7:38  Spine Crawler  
  151  7:49  Overlord x2  
  151  7:53  Queen  
  151  7:55  Roach x5  
  151  7:56  Roach x2  
  163  8:04  Roach x7  
  161  8:13  Roach  
  161  8:14  Roach x7  
  161  8:17  Overlord  
  177  8:21  Overlord  
  177  8:25  Ravager x4  
  177  8:26  Ravager  
  182  8:33  Roach  
  182  8:34  Roach x8  
  176  8:41  Roach x5  
Show
View Real Time Build Order
Export as new Build Order

Minho Terran - Winner!

Build Orders: Liberator Opening, Reaper Expand, Bio Tank 

Get SALT Encoding   

  12  0:00  SCV  
  13  0:12  SCV  
  14  0:18  Supply Depot  
  14  0:25  SCV  
  15  0:39  SCV  
  15  0:41  Barracks  
  16  0:46  Refinery  
  16  0:52  SCV  
  17  1:04  SCV  
  18  1:16  SCV  
  19  1:28  Orbital Command  
  19  1:29  Reaper  
  20  1:42  Command Center  
  20  1:50  Refinery  
  20  1:53  SCV  
  21  2:01  Supply Depot  
  21  2:02  Reaper  
  21  2:06  SCV  
  23  2:20  Factory  
  23  2:23  SCV  
  24  2:35  SCV  
  25  2:47  Barracks Reactor, SCV  
  26  2:56  Orbital Command  
  26  2:59  SCV  
  26  3:05  Factory Tech Lab  
  27  3:06  Starport  
  28  3:12  SCV  
  28  3:18  Engineering Bay  
  28  3:22  SCV  
  28  3:25  SCV  
  30  3:27  Marine x2  
  30  3:30  Liberator  
  30  3:31  Siege Tank  
  35  3:34  SCV  
  35  3:37  SCV  
  36  3:46  SCV  
  36  3:48  Marine x2  
  42  3:49  SCV  
  42  3:52  Supply Depot  
  43  3:56  Refinery  
  43  3:58  SCV  
  43  4:01  SCV  
  45  4:11  Barracks, SCV  
  45  4:12  Barracks  
  45  4:13  SCV, Siege Tank  
  50  4:17  Marine  
  50  4:18  Supply Depot  
  50  4:19  Marine  
  52  4:25  Terran Infantry Weapons Level 1  
  52  4:26  SCV x2  
  54  4:40  SCV x2, Marine x2  
  54  4:43  Supply Depot  
  61  4:45  Siege Tank  
  61  4:52  SCV  
  62  4:56  Barracks x2  
  62  4:58  Refinery  
  62  5:04  Supply Depot  
  62  5:05  SCV  
  62  5:09  Barracks Tech Lab, Barracks Reactor  
  62  5:12  Starport Reactor  
  62  5:14  Marine x2  
  63  5:19  SCV  
  63  5:20  Siege Tank  
  68  5:27  Supply Depot  
  68  5:31  Marine x3  
  68  5:32  Supply Depot, Stimpack  
  71  5:43  Barracks Reactor x2  
  71  5:45  Barracks Tech Lab, Marine x2  
  71  5:49  Marine, Medivac  
  76  5:50  Medivac  
  76  5:51  Marine  
  76  5:52  Marine  
  76  5:54  Supply Depot  
  76  5:56  Supply Depot  
  80  6:05  Marine x2  
  80  6:06  Marine  
  80  6:07  Marine  
  80  6:11  Siege Tank  
  87  6:13  Marine  
  87  6:14  Marine  
  89  6:19  Terran Infantry Armor Level 1  
  89  6:21  Combat Shields  
  89  6:22  Marine x2  
  91  6:29  Marine x2  
  91  6:30  Marine  
  91  6:37  Medivac  
  91  6:38  Supply Depot x2, Medivac  
  91  6:39  Marine x3  
  98  6:40  Marine x2  
  100  6:50  Supply Depot, Siege Tank  
  100  6:51  Supply Depot, Marine  
  100  6:53  Marine  
  105  6:55  Marine  
  105  6:57  Marine x2  
  105  6:59  Marine  
  109  7:01  Marine  
  109  7:04  Marine  
  110  7:10  Marine  
  110  7:11  Marine  
  110  7:12  Medivac x2  
  116  7:17  Marine  
  116  7:18  Marine x2  
  116  7:19  Marine  
  116  7:21  Marine  
  116  7:22  Marine  
  122  7:26  Siege Tank  
  122  7:28  Marine x2  
  127  7:35  Marine  
  127  7:36  Marine  
  129  7:39  Marine x2  
  129  7:43  Marine x2  
  131  7:45  Marine  
  131  7:46  Marine  
  131  7:49  Medivac  
  131  7:50  Medivac  
  137  7:53  Marine  
  137  7:58  Siege Tank  
  137  8:01  Marine  
  137  8:02  Marine  
  133  8:06  Marine x3  
  133  8:07  Marine x2  
  133  8:11  Marine  
  139  8:14  Supply Depot  
  139  8:15  Supply Depot  
  139  8:19  Marine  
  140  8:20  Marine  
  140  8:24  Marine  
  142  8:31  Marine x2  
  142  8:34  Marine  
  141  8:36  Marine x2  
  141  8:39  Marine x2  
  137  8:42  Marine  
Tags
 
Add a new tag
Caveats
  • Supply blocks, unpowered buildings, or Contaminate may cause inaccurate times.
  • Supply counts are checked every 10 seconds.